Map: Oxide LE

Players

Reynor

  • Race: Zerg Zerg
  • Spawn Location: 7:00

Zest - Winner!

  • Race: Protoss Protoss
  • Spawn Location: 1:00

Event: IEM Katowice 2021

VOD

Have the link to the VOD?

Description

Time

  • Played on: Feb. 28, 2021, 12:05 p.m.
  • Length: 6:50

All games in this series

Show
View Real Time Build Order
Export as new Build Order

Reynor Zerg 

Build Orders: Hatch First 

Get SALT Encoding   

  12  0:00  Drone  
  13  0:12  Overlord  
  13  0:16  Drone  
  14  0:30  Drone x2  
  16  0:41  Drone  
  17  0:50  Hatchery  
  17  0:54  Drone  
  17  0:57  Drone  
  18  1:08  Extractor  
  17  1:12  Spawning Pool  
  17  1:15  Drone  
  17  1:19  Drone  
  18  1:27  Drone  
  19  1:39  Drone  
  20  1:48  Overlord  
  20  1:58  Queen  
  22  2:02  Drone x2  
  22  2:03  Queen  
  26  2:11  Zergling x2  
  26  2:13  Zergling x2  
  28  2:21  Drone  
  29  2:24  Drone  
  30  2:32  Drone  
  30  2:35  Drone  
  30  2:37  Hatchery  
  31  2:41  Queen  
  33  2:45  Overlord  
  33  2:48  Drone  
  34  2:53  Drone  
  34  2:55  Metabolic Boost  
  34  2:57  Drone  
  36  3:05  Drone  
  37  3:08  Overlord  
  37  3:10  Drone x3  
  40  3:17  Queen  
  42  3:20  Drone  
  42  3:21  Drone  
  44  3:28  Overlord  
  44  3:30  Queen  
  44  3:32  Drone  
  47  3:39  Evolution Chamber  
  46  3:47  Drone x3  
  46  3:48  Drone, Queen  
  50  3:50  Drone  
  50  3:51  Drone  
  50  3:53  Zergling x4  
  56  3:57  Queen  
  56  4:02  Overlord  
  58  4:09  Overlord  
  58  4:17  Overlord  
  58  4:18  Zerg Melee Weapons Level 1  
  58  4:21  Drone x2  
  58  4:22  Drone x5  
  65  4:24  Zergling x2  
  65  4:28  Overlord  
  65  4:29  Queen  
  65  4:30  Drone  
  68  4:32  Drone  
  68  4:34  Zergling x4  
  68  4:37  Drone  
  72  4:39  Drone x2  
  72  4:40  Drone  
  72  4:41  Drone  
  72  4:44  Drone  
  77  4:47  Overlord  
  77  4:48  Queen  
  77  4:51  Zergling x2  
  80  4:54  Zergling x2  
  80  4:58  Queen  
  80  4:59  Drone  
  84  5:01  Overlord  
  84  5:02  Drone x3  
  84  5:06  Lair  
  86  5:09  Drone x4  
  86  5:12  Extractor, Spore Crawler  
  88  5:15  Drone x2  
  88  5:17  Spore Crawler  
  88  5:18  Spore Crawler  
  88  5:20  Zergling x6  
  88  5:21  Zergling x2  
  92  5:27  Overlord  
  92  5:31  Drone x2  
  92  5:34  Hatchery  
  92  5:39  Drone x3  
  92  5:41  Baneling Nest, Drone x2  
  92  5:42  Extractor, Drone x2  
  97  5:44  Zergling x2  
  97  5:45  Extractor  
  97  5:47  Zergling x4  
  97  5:48  Spine Crawler  
  98  5:55  Zergling x2, Queen  
  101  5:57  Zergling x4  
  101  6:02  Spine Crawler x2  
  101  6:03  Queen  
  104  6:05  Zergling x2  
  104  6:07  Zergling x4  
  104  6:08  Zergling x2  
  104  6:10  Zergling x8  
  104  6:11  Zergling x2  
  111  6:13  Zergling x2  
  111  6:14  Zergling x4  
  111  6:18  Overlord  
  106  6:25  Zergling x4  
  103  6:29  Zergling x2  
  103  6:32  Zergling x4  
Show
View Real Time Build Order
Export as new Build Order

Zest Protoss - Winner!

Build Orders: 1 Gate Expand 

Get SALT Encoding   

  12  0:00  Probe  
  13  0:12  Probe  
  14  0:19  Pylon  
  14  0:24  Probe  
  15  0:37  Probe (Chrono Boost)  
  15  0:40  Gateway  
  16  0:47  Probe (Chrono Boost)  
  16  0:49  Assimilator  
  17  0:52  Probe (Chrono Boost)  
  18  1:03  Probe  
  19  1:15  Probe  
  20  1:26  Nexus  
  20  1:36  Cybernetics Core  
  20  1:39  Probe  
  21  1:44  Assimilator  
  21  1:51  Probe  
  22  1:56  Pylon  
  22  2:03  Probe (Chrono Boost)  
  23  2:14  Adept  
  23  2:15  Probe (Chrono Boost)  
  26  2:17  Stargate  
  26  2:20  Probe (Chrono Boost)  
  27  2:26  Warp Gate  
  27  2:34  Probe (Chrono Boost)  
  28  2:38  Probe (Chrono Boost)  
  28  2:43  Adept  
  32  2:47  Probe (Chrono Boost)  
  32  2:48  Probe (Chrono Boost)  
  33  2:51  Void Ray (Chrono Boost)  
  33  2:52  Probe (Chrono Boost)  
  33  2:56  Probe  
  35  3:04  Probe  
  40  3:08  Probe  
  40  3:12  Pylon  
  41  3:16  Probe  
  41  3:18  Gateway  
  42  3:20  Probe  
  42  3:23  Void Ray (Chrono Boost)  
  43  3:29  Probe  
  43  3:32  Probe  
  49  3:41  Probe  
  49  3:43  Twilight Council  
  49  3:44  Probe  
  51  3:58  Pylon  
  51  4:00  Nexus  
  51  4:07  Robotics Facility  
  51  4:15  Charge (Chrono Boost)  
  51  4:21  Gateway  
  51  4:22  Gateway  
  51  4:23  Gateway  
  51  4:29  Gateway  
  51  4:35  Gateway  
  51  4:46  Gateway x2  
  51  4:47  Pylon  
  51  4:51  Warp Prism (Chrono Boost)  
  53  5:01  Pylon  
  53  5:05  Sentry  
  53  5:06  Sentry  
  57  5:10  Pylon  
  57  5:11  Pylon  
  57  5:17  Pylon  
  57  5:36  Zealot x6  
  57  5:37  Zealot  
  71  6:04  Zealot x9  
  85  6:25  Zealot x9  
  75  6:47  Zealot x7  

Tags
 
Add a new tag
Caveats
  • Supply blocks, unpowered buildings, or Contaminate may cause inaccurate times.
  • Supply counts are checked every 10 seconds.